 Dungeon Crawl Stone Soup version 0.30-a0-1116-gebefce21f7 (webtiles) character file.

Game seed: 5416379497513293446

61590 bmack86 the Severer (level 14, -10/127 HPs)
             Began as a Minotaur Fighter on Apr 22, 2023.
             Was a High Priest of Okawaru.
             Mangled by Rupert
             ... wielding a +2 vampiric great sword
              (16 damage)
             ... on level 2 of the Orcish Mines.
             The game lasted 00:52:59 (17166 turns).

bmack86 the Severer (Minotaur Fighter)             Turns: 17166, Time: 00:52:59

Health: -10/127    AC: 21    Str: 32      XL:     14   Next: 61%
Magic:  19/19      EV:  8    Int:  0 (3)  God:    Okawaru [*****.]
Gold:   1912       SH:  7    Dex: 12      Spells: 13/13 levels left

rFire   . . .      SeeInvis .    L - +6 war axe "Starlight" {spect, rC+ rN+ Int+2 Dex+2}
rCold   + . .      Faith    .    c - +0 buckler
rNeg    + . .      Spirit   .    q - +0 plate armour of the Villain {rElec rCorr Int-4 Stlth+}
rPois   +          Reflect  .    (helmet restricted)
rElec   +          Rampage  .    V - +1 cloak {Will+}
rCorr   +                        (no gloves)
Will    ++++.                    E - +0 pair of boots of Liberalism {rPois Will+} Stlth
                                 b - amulet of regeneration
HPRegen 1.21/turn                g - ring of willpower
MPRegen 0.16/turn                J - +6 ring of strength

@: hasted and slowed, lost intelligence, studying Armour, unable to read
A: horns 2, retaliatory headbutt
a: Renounce Religion, Heroism, Finesse, Duel


You were on level 2 of the Orcish Mines.
You worshipped Okawaru.
Okawaru was extremely pleased with you.
You visited 4 branches of the dungeon, and saw 21 of its levels.
You also visited: Volcano.

You collected 1990 gold pieces.
You spent 78 gold pieces at shops.

Inventory:

Hand Weapons
 L - the +6 war axe "Starlight" (weapon) {spect, rC+ rN+ Int+2 Dex+2}
   (You took it off a centaur on level 9 of the Dungeon)

   Int:       It affects your intelligence (+2).
   Dex:       It affects your dexterity (+2).
   rC:        It protects you from cold.
   rN:        It protects you from negative energy.
 T - a +6 heavy broad axe
Missiles
 a - a javelin
 A - 38 poisoned darts
 G - 8 boomerangs (quivered)
 U - 8 curare-tipped darts
Armour
 c - a +0 buckler (worn)
 q - the +0 plate armour of the Villain (worn) {rElec rCorr Int-4 Stlth+}
   (Okawaru gifted it to you on level 5 of the Lair of Beasts)

   Int:       It affects your intelligence (-4).
   rElec:     It insulates you from electricity.
   rCorr:     It protects you from acid and corrosion.
   Stlth:     It makes you more stealthy.
 t - a +3 plate armour of fire resistance
 E - the +0 pair of boots of Liberalism (worn) {rPois Will+}
   (You found it on level 6 of the Dungeon)

   rPois:     It protects you from poison.
   Will:      It increases your willpower.
 V - a +1 cloak of willpower (worn)
Jewellery
 b - an amulet of regeneration (around neck)
 e - a ring of protection from fire
 g - a ring of willpower (left hand)
 k - a +6 ring of strength
 p - a ring of ice
 y - a +6 ring of dexterity
 F - a +4 ring of protection
 J - a +6 ring of strength (right hand)
 K - the ring "Nuetwy Qony" {rCorr SInv}
   (You found it on level 9 of the Dungeon)

   [ring of see invisible]

   SInv:      It lets you see invisible.
   rCorr:     It protects you from acid and corrosion.
 M - a ring of ice
 P - a ring of flight
 R - a ring of fire
Wands
 m - a wand of flame (58)
 r - a wand of polymorph (10)
 u - a wand of paralysis (5)
 H - a wand of acid (3)
 N - a wand of digging (1)
Scrolls
 f - 6 scrolls of teleportation
 n - a scroll of blinking
 B - 2 scrolls of magic mapping
 I - 3 scrolls of fear
 Q - 5 scrolls of fog
 S - a scroll of amnesia
Potions
 h - 3 potions of ambrosia
 i - 3 potions of haste
 j - 13 potions of curing
 o - 3 potions of flight
 v - 3 potions of brilliance
 w - a potion of might
 z - 4 potions of cancellation
 C - a potion of berserk rage


   Skills:
 + Level 12.9 Fighting
 * Level 17.2 Axes
 + Level 9.6 Throwing
 + Level 16.1 Armour
 + Level 12.7 Shields
 + Level 8.7 Invocations


You had 13 spell levels left.
You didn't know any spells.
Your spell library contained the following spells:

 Spells                   Type           Power      Damage    Failure   Level
 Foxfire                  Conj/Fire      0%         2x1d4     99%         1
 Magic Dart               Conj           0%         1d3       99%         1
 Sandblast                Erth           0%         2d4       99%         1
 Shock                    Conj/Air       0%         1d3       99%         1
 Ensorcelled Hibernation  Hex/Ice        0%         N/A       99%         2
 Lesser Beckoning         Tloc           0%         N/A       99%         2
 Passwall                 Tmut/Erth      0%         N/A       99%         2
 Poisonous Vapours        Pois/Air       0%         N/A       99%         2
 Scorch                   Fire           0%         2d5       99%         2
 Searing Ray              Conj           0%         2d4       99%         2
 Static Discharge         Conj/Air       0%         2-2/arc   99%         2
 Gell's Gravitas          Tloc           0%         N/A       100%        3
 Hailstorm                Conj/Ice       0%         3d3       100%        3
 Mephitic Cloud           Conj/Pois/Air  0%         N/A       100%        3
 Stone Arrow              Conj/Erth      0%         3d7       100%        3
 Swiftness                Air            0%         N/A       100%        3
 Teleport Other           Tloc           0%         N/A       100%        3
 Airstrike                Air            0%         2d(0-16)  100%        4
 Flame Wave               Conj/Fire      0%         2d4       100%        4
 Fulminant Prism          Conj/Hex       0%         3d5       100%        4
 Ice Form                 Ice/Tmut       0%         N/A       100%        4
 Fireball                 Conj/Fire      0%         3d3       100%        5
 Freezing Cloud           Conj/Ice/Air   0%         6-21      100%        5
 Eringya's Noxious Bog    Tmut/Pois      0%         N/A       100%        6
 Plasma Beam              Fire/Air       0%         2x1d11    100%        6
 Starburst                Conj/Fire      0%         6d3       100%        6
 Summon Lightning Spire   Summ/Air       Unusable   N/A       N/A         4
 Summon Forest            Summ/Tloc      Unusable   N/A       N/A         5
 Simulacrum               Ice/Necr       Unusable   N/A       N/A         6
 Summon Cactus Giant      Summ           Unusable   N/A       N/A         6
 Summon Hydra             Summ           Unusable   N/A       N/A         7

Dungeon Overview and Level Annotations

Branches:
Dungeon (13/15)            Temple (1/1) D:7            Lair (5/5) D:11
 Shoals (0/4) Lair:2       Spider (0/4) Lair:3        Slime (0/5) Lair:4
    Orc (2/2) D:10            Elf (0/3) Orc:2       Volcano (visited)
 Vaults: D:13-14

Altars:
Ashenzari
Cheibriados
Dithmenos
Elyvilon
Fedhas
Gozag
Hepliaklqana
Kikubaaqudgha
Makhleb
Nemelex Xobeh
Okawaru
Qazlal
Ru
Sif Muna
Trog
Uskayaw
Vehumet
Wu Jian
Xom
Yredelemnul
Zin
Jiyva

Shops:
D:11 *   Orc:1 *

Annotations:
D:10 2 transporters, BlueFalcon's ghost, journeyman VSFi
Orc:2 Rupert


Innate Abilities, Weirdness & Mutations

You have a pair of horns on your head.
You reflexively headbutt those who attack you in melee.


Message History

You slash Rupert! You headbutt Rupert, but do no damage.
Rupert is moderately wounded.
Your +6 war axe "Starlight" {spect, rC+ rN+ Int+2 Dex+2} hits Rupert!
Rupert hits you with a +2 vampiric great sword!!
Rupert hits you with a +2 vampiric great sword.
Rupert draws strength from your wounds!
You slice Rupert!!
Rupert is heavily wounded.
Your +6 war axe "Starlight" {spect, rC+ rN+ Int+2 Dex+2} barely misses Rupert.
Rupert hits you with a +2 vampiric great sword!!
You hit Rupert but do no damage. You headbutt Rupert!
Rupert is heavily wounded.
Your +6 war axe "Starlight" {spect, rC+ rN+ Int+2 Dex+2} hits Rupert!!
Rupert barely misses you. You furiously retaliate!
You headbutt Rupert.
Rupert hits you with a +2 vampiric great sword.
Rupert draws strength from your wounds!
You barely miss Rupert.
Rupert is severely wounded.
Your +6 war axe "Starlight" {spect, rC+ rN+ Int+2 Dex+2} hits Rupert but does no damage.
Rupert hits you with a +2 vampiric great sword!
Rupert hits you with a +2 vampiric great sword!!
* * * LOW HITPOINT WARNING * * *
Rupert draws strength from your wounds!
You barely miss Rupert.
Rupert is severely wounded.
Your +6 war axe "Starlight" {spect, rC+ rN+ Int+2 Dex+2} hits Rupert!
Rupert hits your +6 war axe "Starlight" {spect, rC+ rN+ Int+2 Dex+2} with a +2 vampiric great sword!!
Your spectral weapon shares its damage with you!
Your +6 war axe "Starlight" {spect, rC+ rN+ Int+2 Dex+2} disappears.
* * * LOW HITPOINT WARNING * * *
You feel much better. You block Rupert's attack.
Rupert hits you with a +2 vampiric great sword!
* * * LOW HITPOINT WARNING * * *
Rupert draws strength from your wounds!
Rupert hits you with a +2 vampiric great sword!
* * * LOW HITPOINT WARNING * * *
Rupert draws strength from your wounds!
You feel yourself speed up.
Rupert hits you with a +2 vampiric great sword!
You die...

#### #... #... #
#... ###
##.#...##.#
#.....$..$###
............#
..$...@@...####
...........##.##
.....#.........##
....
#.#........## ...
###...<.....# $.
####........## .
#.#........##
#.........##
#........##


You could see Rupert (berserk).

Vanquished Creatures
  An orc warlord (Orc:2)
  A red draconian (Volcano)
  2 hydras
  9 two-headed ogres
  2 catoblepae
  Erica (D:10)
  An ogre mage (Volcano)
  2 alligators (Lair:3)
  4 orc high priests (Orc:2)
  Amaemon (D:10)
  A swamp dragon (Lair:3)
  5 orc knights
  An ugly thing (D:12)
  3 orc sorcerers (Orc:2)
  An oklob plant (Lair:5)
  A cyclops (D:11)
  5 black mambas
  Maurice (Orc:1)
  An orange demon (D:10)
  7 cane toads
  7 elephants (Lair:4)
  14 komodo dragons
  2 unseen horrors
  3 rime drakes
  A troll (D:9)
  A meliai (Lair:3)
  A merfolk (Lair:2)
  5 polar bears
  5 blink frogs (Lair:5)
  2 tyrant leeches (Lair:3)
  5 hornets
  A dream sheep (Lair:5)
  Sigmund (D:2)
  14 spriggans (Lair:5)
  9 slime creatures (D:12)
  A shadow (D:10)
  39 yaks
  5 basilisks
  A vampire (D:11)
  2 wyverns
  2 steam dragons
  Grum (Lair:1)
  Menkaure (D:4)
  3 wargs (Orc:2)
  6 vampire mosquitoes
  4 swamp worms (Lair:3)
  3 acid dragons
  7 water moccasins
  28 orc warriors
  2 swamp drakes
  2 black bears
  2 sky beasts
  5 boggarts (Lair:5)
  8 ogres
  30 wolves
  7 centaurs
  3 kobold brigands
  A phantom (D:7)
  2 gnoll sergeants
  9 bullfrogs
  Blork the orc (D:6)
  3 scorpions
  11 wights
  8 killer bees
  An electric eel (Lair:2)
  5 howler monkeys
  8 crimson imps (D:8)
  Crazy Yiuf (D:3)
  23 orc priests
  5 jellies
  16 iguanas
  2 sleepcaps
  Jessica (D:3)
  Natasha (thrice) (D:2)
  24 orc wizards
  Terence (D:3)
  6 hell rats (Lair:1)
  8 adders
  10 gnolls
  A shadow imp (D:8)
  A white imp (D:8)
  An ufetubus (D:7)
  3 worms
  5 dart slugs
  66 orcs
  6 bats
  8 endoplasms
  15 giant cockroaches
  6 goblins
  9 hobgoblins
  4 jackals (D:4)
  14 kobolds
  3 quokkas
  6 ball pythons
  16 frilled lizards (Lair:4)
  2 rats (D:1)
598 creatures vanquished.

Vanquished Creatures (others)
  A komodo dragon (Lair:4)
  34 fungi
  17 plants
  10 spectral weapons
62 creatures vanquished.

Grand Total: 660 creatures vanquished

Notes
Turn   | Place    | Note
-------+----------+-------------------------------------------
     0 | D:1      | bmack86 the Minotaur Fighter began the quest for the Orb.
     0 | D:1      | Reached XP level 1. HP: 19/19 MP: 0/0
   172 | D:1      | Reached XP level 2. HP: 26/27 MP: 1/1
   248 | D:1      | Reached skill level 3 in Axes
   658 | D:1      | Reached XP level 3. HP: 33/33 MP: 2/2
  1000 | D:2      | Noticed Natasha
  1012 | D:2      | Killed Natasha
  1059 | D:2      | Noticed Natasha
  1067 | D:2      | Killed Natasha
  1068 | D:2      | Reached skill level 4 in Axes
  1068 | D:2      | Reached XP level 4. HP: 31/40 MP: 3/3
  1140 | D:2      | Noticed Natasha
  1153 | D:2      | Killed Natasha
  1307 | D:2      | Noticed Sigmund
  1316 | D:2      | Killed Sigmund
  1317 | D:2      | Reached skill level 5 in Axes
  1317 | D:2      | Reached XP level 5. HP: 45/47 MP: 4/4
  1317 | D:2      | Reached XP level 6. HP: 53/55 MP: 5/5
  1488 | D:3      | Reached skill level 5 in Fighting
  1660 | D:3      | Noticed Terence
  1667 | D:3      | Killed Terence
  1668 | D:3      | Reached skill level 5 in Armour
  1668 | D:3      | Reached skill level 5 in Shields
  1841 | D:3      | Noticed Jessica
  1850 | D:3      | Killed Jessica
  1984 | D:3      | Identified the +7 whip of Quantum Leap {venom, Int+6}
  2326 | D:3      | Found a runed translucent door.
  2327 | D:3      | Noticed Crazy Yiuf
  2334 | D:3      | Killed Crazy Yiuf
  2431 | D:4      | Reached skill level 6 in Axes
  2454 | D:4      | Noticed Menkaure
  2461 | D:4      | Killed Menkaure
  2462 | D:4      | Reached XP level 7. HP: 37/61 MP: 6/6
  2893 | D:4      | Reached skill level 7 in Axes
  3137 | D:5      | Entered Level 5 of the Dungeon
  3178 | D:5      | Reached XP level 8. HP: 60/70 MP: 7/7
  3253 | D:5      | Reached skill level 1 in Throwing
  3306 | D:5      | Found an ornate altar of the Wu Jian Council.
  3334 | D:5      | Reached skill level 8 in Axes
  3548 | D:5      | Found a stormy altar of Qazlal.
  4468 | D:6      | Reached skill level 9 in Axes
  4468 | D:6      | Reached XP level 9. HP: 79/79 MP: 8/8
  4606 | D:6      | Noticed Blork the orc
  4616 | D:6      | Killed Blork the orc
  4655 | D:6      | Identified the +0 pair of boots of Liberalism {rPois Will+}
  5209 | D:7      | Reached skill level 10 in Axes
  5603 | D:7      | Found a staircase to the Ecumenical Temple.
  5611 | Temple   | Entered the Ecumenical Temple
  5672 | Temple   | Became a worshipper of Warmaster Okawaru
  6108 | D:8      | Reached skill level 1 in Invocations
  6424 | D:8      | Paralysed by a hornet for 1 turns
  6427 | D:8      | Paralysed by a hornet for 1 turns
  6429 | D:8      | Reached * piety under Okawaru
  6430 | D:8      | Reached XP level 10. HP: 62/88 MP: 9/9
  6828 | D:9      | Reached skill level 11 in Axes
  6871 | D:9      | Identified the ring "Nuetwy Qony" {rCorr SInv}
  6936 | D:9      | Noticed a two-headed ogre
  6945 | D:9      | Killed a two-headed ogre
  6945 | D:9      | Reached ** piety under Okawaru
  6946 | D:9      | Reached skill level 5 in Throwing
  7405 | D:9      | Identified the +6 war axe "Starlight" {spect, rC+ rN+ Int+2
                  | Dex+2}
  7566 | D:10     | Entered Level 10 of the Dungeon
  7618 | D:10     | Found a sacrificial altar of Ru.
  7651 | D:10     | Found a staircase to the Orcish Mines.
  7658 | D:10     | Reached skill level 10 in Armour
  7682 | D:10     | Reached skill level 12 in Axes
  7682 | D:10     | Reached XP level 11. HP: 94/97 MP: 12/12
  7699 | D:10     | Noticed a two-headed ogre
  7703 | D:10     | Killed a two-headed ogre
  7703 | D:10     | Reached *** piety under Okawaru
  7802 | D:10     | Noticed Erica
  7807 | D:10     | Killed Erica
  7887 | D:10     | Noticed a two-headed ogre
  7889 | D:10     | Killed a two-headed ogre
  7906 | D:10     | Found a transporter.
  7908 | D:10     | Found a transporter.
  7909 | D:10     | Noticed BlueFalcon's ghost (journeyman VSFi)
  8148 | D:10     | Noticed Amaemon
  8153 | D:10     | Reached **** piety under Okawaru
  8158 | D:10     | Killed Amaemon
  8617 | D:11     | Reached skill level 13 in Axes
  8644 | D:11     | Reached skill level 10 in Fighting
  8679 | D:11     | Found a staircase to the Lair.
  8853 | D:11     | Found Ziylow's General Store.
  9212 | D:11     | Noticed a catoblepas
  9222 | D:11     | Killed a catoblepas
  9222 | D:11     | Reached ***** piety under Okawaru
  9223 | D:11     | Reached skill level 10 in Shields
  9223 | D:11     | Reached skill level 5 in Invocations
  9461 | D:12     | Identified the +5 trident of Sharp Integrity {antimagic,
                  | rF+ rC+}
  9485 | D:12     | Reached XP level 12. HP: 107/107 MP: 14/14
  9732 | D:12     | Received a gift from Okawaru
 10035 | D:12     | Noticed a two-headed ogre
 10041 | D:12     | Killed a two-headed ogre
 10123 | D:13     | Noticed a boulder beetle
 10123 | D:13     | Noticed a centaur warrior
 10192 | Lair:1   | Entered Level 1 of the Lair of Beasts
 10215 | Lair:1   | Noticed a catoblepas
 10221 | Lair:1   | Killed a catoblepas
 10222 | Lair:1   | Reached skill level 14 in Axes
 10360 | Lair:1   | Noticed Grum
 10376 | Lair:1   | Killed Grum
 10478 | Lair:1   | Identified a scroll of acquirement
 10479 | Lair:1   | Acquired a +1 heavy broad axe
 12127 | Lair:2   | Found a staircase to the Shoals.
 12322 | Lair:3   | Found a hole to the Spider Nest.
 12505 | Lair:3   | Noticed an alligator
 12519 | Lair:3   | Killed an alligator
 12544 | Lair:3   | Noticed a seven-headed hydra
 12547 | Lair:3   | Noticed an alligator
 12551 | Lair:3   | Killed a ten-headed hydra
 12552 | Lair:3   | Reached XP level 13. HP: 96/116 MP: 8/16
 12563 | Lair:3   | Reached skill level 15 in Axes
 13270 | Lair:4   | Found a dark tunnel.
 13295 | Volcano  | Entered a volcano
 13317 | Volcano  | Received a gift from Okawaru
 13354 | Volcano  | Noticed a red draconian
 13370 | Volcano  | Killed a red draconian
 13370 | Volcano  | Received a gift from Okawaru
 13460 | Volcano  | Reached ****** piety under Okawaru
 13460 | Volcano  | Received a gift from Okawaru
 13782 | Lair:4   | Found a runed translucent door.
 13782 | Lair:4   | Found a viscous altar of Jiyva.
 13783 | Lair:4   | Found a staircase to the Slime Pits.
 14499 | Lair:5   | Entered Level 5 of the Lair of Beasts
 14566 | Lair:5   | Reached skill level 16 in Axes
 14627 | Lair:5   | Reached skill level 15 in Armour
 14752 | Lair:5   | Identified the +0 plate armour of the Villain {rElec rCorr
                  | Int-4 Stlth+} (Okawaru gifted it to you on level 5 of the
                  | Lair of Beasts)
 14752 | Lair:5   | Received a gift from Okawaru
 14839 | Lair:5   | Reached XP level 14. HP: 106/127 MP: 18/18
 15327 | Lair:5   | Paralysed by a hornet for 3 turns
 15915 | Orc:1    | Entered Level 1 of the Orcish Mines
 15915 | Orc:1    | Noticed Maurice
 15927 | Orc:1    | Killed Maurice
 16100 | Orc:1    | Found Sofiomex's General Store.
 16135 | Orc:1    | Bought a potion of curing for 39 gold pieces
 16135 | Orc:1    | Bought a potion of curing for 39 gold pieces
 16293 | Orc:2    | Entered Level 2 of the Orcish Mines
 16536 | Orc:2    | Noticed an orc warlord
 16643 | Orc:2    | Killed an orc warlord
 16644 | Orc:2    | Reached skill level 17 in Axes
 16748 | Orc:2    | Identified the +0 crystal plate armour of Efuew {*Slow
                  | Int+4 Dex+4 SInv} (Okawaru gifted it to you on level 2 of
                  | the Orcish Mines)
 16748 | Orc:2    | Received a gift from Okawaru
 16879 | Orc:2    | Lost intelligence.
 16935 | Orc:2    | Found a staircase to the Elven Halls.
 17155 | Orc:2    | Noticed Rupert
 17165 | Orc:2    | HP: 4/127 [Rupert/+2 vampiric great sword (15)]
 17166 | Orc:2    | Mangled by Rupert

Illustrated notes

Levels and vault maps discovered:
D:1:      lemuel_arrival_tunnels, layout_loops_ring, minmay_tetromino_s4
D:2:      layout_basic, chequers_serial_rivers_small_3, serial_bayou_pond_e,
          uniq_natasha, uniq_sigmund
D:3:      minmay_roachtagon, layout_basic, uniq_terence, uniq_jessica,
          uniq_crazy_yiuf_cottage
D:4:      layout_basic, minmay_divided_ellipse, uniq_menkaure
D:5:      layout_basic, nicolae_qazlal_scattered_showers,
          nicolae_overflow_hidden_temple
D:6:      layout_cave_pods, uniq_blork_the_orc
D:7:      layout_cave_pods, minmay_temple_entry_slanted, st_stairs_13,
          minmay_manual_mess
D:8:      layout_basic, minmay_nine_imps
D:9:      layout_loops_ring
D:10:     layout_stronghold, hangedman_ru_absence, erik_orc_4,
          gammafunk_ghost_hive, uniq_erica, uniq_amaemon
D:11:     layout_irregular_city, erik_lair_dragon, serial_shops,
          nicolae_stop_n_shop_2, hangedman_decor_points,
          minmay_fractal_squares_gapless_5
D:12:     layout_loops_ring
D:13:     layout_cave_pools, serial_shops, nicolae_shop_mannequins, uniq_urug
Temple:   nicolae_temple_bog_church
Lair:1:   layout_layer_cave, uniq_grum
Lair:2:   layout_regular_city, elwin_shoals_entry_rooms, serial_bayou_shore_a
Lair:3:   onia_ninara_swampy_vault, layout_misc_corridors,
          hellmonk_spider_entry_not_the_bees
Lair:4:   lemuel_reptile_caves, layout_long_grid, slime_entry_2, enter_volcano_2
Lair:5:   minmay_lair_end_enchanted_forest, layout_regular_city
Orc:1:    layout_diamond_mine, serial_shops, nicolae_shop_hallway_plus,
          uniq_maurice
Orc:2:    st_orc_congregation, layout_diamond_mine, hellmonk_bongcloud_opening,
          lightli_orcish_oven, uniq_rupert

Skill      XL: |  1  2  3  4  5  6  7  8  9 10 11 12 13 14 |
---------------+-------------------------------------------+-----
Axes           | 3 4 5 6 7 9 10 12 13 14 16 17 | 17.2
Armour         | 4 5 6 7 8 10 11 13 15 16 | 16.1
Fighting       | 4 5 6 7 8 9 10 11 12 | 12.9
Shields        | 4 5 6 7 8 9 10 11 12 | 12.7
Throwing       | 2 4 5 6 7 9 |  9.6
Invocations    | 1 3 5 6 7 8 |  8.7

Action                     |  1- 3 |  4- 6 |  7- 9 | 10-12 | 13-15 || total
---------------------------+-------+-------+-------+-------+-------++-------
  Melee: War axe           |    70 |    95 |   271 |   372 |   391 ||  1199
         Headbutt          |     8 |    16 |    45 |    98 |   109 ||   276
  Throw: Dart              |       |       |     3 |     3 |       ||     6
         Boomerang         |       |       |       |       |    11 ||    11
 Invoke: Heroism           |       |       |       |     5 |     5 ||    10
         Finesse           |       |       |       |     1 |     3 ||     4
    Use: Scroll            |     1 |     7 |    11 |    10 |     7 ||    36
         Potion            |       |     1 |     2 |     1 |     4 ||     8
   Stab: Distracted        |       |       |       |     2 |     7 ||     9
         Confused          |       |       |       |       |     1 ||     1
 Armour: Scale mail        |    19 |       |       |       |       ||    19
         Chain mail        |    23 |    54 |    50 |       |     1 ||   128
         Pearl dragon scal |       |       |   113 |   145 |    22 ||   280
         Plate armour      |       |       |       |       |   212 ||   212
  Dodge: Dodged            |    28 |    53 |   148 |   143 |   133 ||   505
  Block: Buckler           |    17 |    34 |    85 |   100 |   143 ||   379

Table legend: (Time is in decaauts)
 A = Elapsed time spent in this place.
 B = Non-inter-level travel time spent in this place.
 C = Inter-level travel time spent in this place.
 D = Time resting spent in this place.
 E = Time spent auto-exploring this place.
 F = Levels seen in this place.
 G = Mean time per level.
                   A        B        C        D        E       F      G
               +--------+--------+--------+--------+--------+-----+--------+
         Total |  17231 |  16276 |    955 |    516 |  11095 |  22 |  783.2 |
       Dungeon |  10235 |   9661 |    574 |    164 |   6879 |  13 |  787.3 |
        Temple |     76 |     65 |     11 |      0 |      0 |   1 |   76.0 |
          Lair |   5318 |   4982 |    336 |     58 |   3690 |   5 | 1063.6 |
  Orcish Mines |   1344 |   1310 |     34 |    294 |    392 |   2 |  672.0 |
       Volcano |    256 |    256 |      0 |      0 |    133 |   1 |  256.0 |
               +--------+--------+--------+--------+--------+-----+--------+

Top non-repeatable levels by time:
  Lair:1: 1231 daAuts
  Lair:5: 1200 daAuts
     D:5: 1144 daAuts
  Lair:4: 1012 daAuts
     D:3: 1002 daAuts
  Lair:3: 951 daAuts
    D:10: 937 daAuts
    D:11: 930 daAuts
  Lair:2: 923 daAuts
     D:6: 908 daAuts
     D:1: 905 daAuts
    D:12: 805 daAuts
     D:8: 786 daAuts
     D:7: 774 daAuts
   Orc:2: 764 daAuts
